AoeStats
← MEOWZEBONG

Arena

504162497Analyzed
4v4 RM · 28d ago on Sep 4, 2026· 56m 24s· 8 players
Game mode
Random Map
Map size
Large (8 player)
Population
200
Speed
Normal
Resources
Standard
Victory
Conquest
Starting age
Dark Age
Ending age
Imperial Age
RankedLock teamsTeams togetherTeam positionsShared explorationLock speedFull tech treeHidden civsTurbo modeCheats
Victory
Defeat
🇲🇽 Japanese · Mexico
1015
+10
🇺🇸 Spanish · United States
1011
+11
🇺🇸 Sicilians · United States
831
+19
🇦🇺 Romans · Australia
826
+19
🇹🇼 Bohemians · Taiwan
914
-16
🇺🇸 Magyars · United States
895
-15
🇦🇺 Turks · Australia
879
-14
🇨🇳 Huns · China
870
-14
MEOWZEBONG
10:18 Feudal Age
10:45 Double-Bit Axe
11:13 Horse Collar
18:26 Castle Age
20:01 Bow Saw
19:54 Heavy Plow
20:42 Wheelbarrow
21:08 Bloodlines
21:10 Scale Barding Armor
21:15 Light Cavalry
23:24 Elite Skirmisher
24:37 Chain Barding Armor
24:09 Fletching
28:08 Padded Archer Armor
28:05 Bodkin Arrow
34:47 Thumb Ring
37:48 Imperial Age
37:10 Corvinian Army
38:41 Capped Ram
40:04 Bracer
42:26 Plate Barding Armor
43:34 Heavy Cavalry Archer
47:56 Murder Holes
49:04 Chemistry
jerry80tim
10:59 Feudal Age
10:25 Loom
14:57 Castle Age
13:25 Double-Bit Axe
24:33 Wheelbarrow
Delete game
11:27 Feudal Age
11:59 Loom
12:04 Horse Collar
12:10 Double-Bit Axe
18:29 Castle Age
21:03 Bow Saw
21:20 Heavy Plow
21:26 Gold Mining
21:26 Stone Mining
26:46 Wheelbarrow
25:57 Town Watch
26:30 Forging
26:25 Scale Barding Armor
27:36 Scale Barding Armor
33:23 Husbandry
33:34 Bloodlines
36:45 Imperial Age
34:32 Hand Cart
33:44 Light Cavalry
35:08 Marauders
35:46 Iron Casting
36:13 Masonry
37:15 Chain Barding Armor
36:46 Elite Tarkan
38:26 Gold Shaft Mining
38:17 Conscription
38:36 Plate Barding Armor
39:03 Blast Furnace
39:05 Fletching
39:16 Scale Mail Armor
39:17 Padded Archer Armor
39:49 Cavalier
39:49 Hussar
41:33 Paladin
43:46 Murder Holes
44:12 Ballistics
45:09 Bodkin Arrow
MouldyLungz
14:07 Feudal Age
15:26 Wheelbarrow
14:38 Double-Bit Axe
14:36 Horse Collar
18:55 Castle Age
17:28 Loom
17:29 Town Watch
20:51 Fletching
21:48 Scale Barding Armor
21:49 Husbandry
31:23 Forging
32:54 Bloodlines
33:37 Bodkin Arrow
37:38 Crossbowman
38:23 Thumb Ring
41:19 Imperial Age
39:36 Hand Cart
39:18 Gold Mining
SHADOW2727z
0:51 Loom
11:23 Feudal Age
17:06 Castle Age
15:59 Double-Bit Axe
17:36 Wheelbarrow
18:05 Gold Mining
18:02 Horse Collar
25:09 Forging
26:53 Hand Cart
26:25 Town Watch
29:37 Heavy Plow
30:15 Iron Casting
29:40 Scale Mail Armor
31:00 Town Patrol
32:14 Bow Saw
32:25 Chain Mail Armor
34:01 Gold Shaft Mining
33:21 Stone Mining
37:09 Imperial Age
34:50 Fletching
37:33 Ballistics
38:53 Chemistry
37:32 Elite Samurai
38:34 Kataparuto
38:34 Conscription
39:30 Two-Man Saw
39:32 Fortified Wall
39:06 Treadmill Crane
41:06 Fortified Wall
44:20 Blast Furnace
44:37 Plate Mail Armor
45:51 Gambesons
46:07 Squires
45:52 Arson
46:50 Bodkin Arrow
47:01 Murder Holes
PlimblingBlambler
10:52 Feudal Age
11:47 Horse Collar
11:53 Double-Bit Axe
18:31 Castle Age
17:56 Loom
19:29 Bow Saw
19:20 Heavy Plow
20:40 Forging
22:21 Fletching
24:09 Wheelbarrow
26:05 Hand Cart
26:13 Bodkin Arrow
28:10 Gold Mining
28:08 Town Watch
29:31 Scale Mail Armor
29:46 Town Patrol
30:50 Arson
31:07 Squires
30:53 Gambesons
33:15 Iron Casting
34:15 Chain Mail Armor
37:07 Imperial Age
38:20 Conscription
37:21 Elite Serjeant
39:53 Blast Furnace
39:23 Plate Mail Armor
40:50 Bracer
41:05 Murder Holes
41:17 Siege Engineers
42:42 Masonry
45:30 Pikeman
46:26 Halberdier
48:27 Gold Shaft Mining
47:44 Stone Mining
Kevin_MdP
10:48 Feudal Age
15:28 Castle Age
13:46 Double-Bit Axe
14:33 Stone Mining
15:52 Loom
36:32 Imperial Age
35:35 Wheelbarrow
36:13 Bloodlines
36:03 Husbandry
36:14 Scale Barding Armor
37:33 Cavalier
40:58 Chain Barding Armor
41:10 Pikeman
43:14 Hand Cart
45:10 Chemistry
44:43 Town Watch
48:20 Halberdier
TroyWilko
10:22 Feudal Age
15:17 Castle Age
13:39 Double-Bit Axe
13:35 Horse Collar
14:58 Man-at-Arms
20:32 Scale Mail Armor
26:46 Bow Saw
26:42 Heavy Plow
27:02 Gold Mining
27:02 Stone Mining
28:36 Town Watch
29:28 Wheelbarrow
29:56 Stone Mining
30:27 Long Swordsman
31:23 Chain Mail Armor
31:18 Forging
32:12 Squires
31:33 Pikeman
36:34 Imperial Age
36:43 Capped Ram
36:52 Elite Centurion
38:00 Comitatenses
38:48 Crop Rotation
38:36 Scale Barding Armor
40:33 Legionary
41:42 Siege Ram
43:13 Chain Barding Armor
45:17 Plate Barding Armor
45:18 Iron Casting
44:17 Halberdier
48:58 Blast Furnace
51:29 Spies/Treason
Connection lost

Rejoining the realm…

Still unreachable

The connection could not be restored.

Session expired

The server has moved on; the page needs a fresh start.